 Seeded DCSS version 0.27.1 (webtiles) character file.

Game seed: 16843347396602353568 (custom seed)

2251 voltaire321 the Nimble (level 9, -1/66 (71) HPs)
             Began as a Merfolk Gladiator on Aug 25, 2021.
             Slain by an orc warrior (14 damage)
             ... on level 7 of the Dungeon.
             The game lasted 00:27:47 (7862 turns).

voltaire321 the Nimble (Merfolk Gladiator)          Turns: 7862, Time: 00:27:47

HP:   -1/66 (71)    AC:  8    Str: 14    XL:     9   Next: 37%
MP:   9/9           EV: 15    Int:  8    God:
Gold: 378           SH:  0    Dex: 18    Spells: 8/8 levels left

rFire    . . .     SeeInvis +   y - +0 scimitar
rCold    . . .     Faith    .   (no shield)
rNeg     . . .     Spirit   .   o - +0 ring mail
rPois    .         Reflect  .   c - +1 helmet
rElec    .         Harm     .   (no cloak)
rCorr    .         Rampage  .   (no gloves)
Will     .....                  j - +0 pair of boots
Stlth    +.........             g - amulet of regeneration
HPRegen  1.21/turn              v - ring of see invisible
MPRegen  0.11/turn              (no ring)

@: about to teleport, drained
A: (nimble swimmer 2), mertail
a: no special abilities


You were on level 7 of the Dungeon.
You visited 2 branches of the dungeon, and saw 8 of its levels.
You also visited: Sewer.

You collected 378 gold pieces.

Inventory:

Hand Weapons
 a - a +1 long sword
 y - a +0 scimitar (weapon)
Missiles
 d - 3 throwing nets
 m - 8 atropa-tipped darts
 p - 4 boomerangs
 u - 5 curare-tipped darts
 x - 21 poisoned darts (quivered)
Armour
 c - a +1 helmet (worn)
 j - a +0 pair of boots (worn)
 o - a +0 ring mail (worn)
Jewellery
 e - an amulet of the acrobat
 g - an amulet of regeneration (around neck)
 v - a ring of see invisible (left hand)
Wands
 r - a wand of iceblast (11)
 w - a wand of polymorph (6)
Scrolls
 f - a scroll of fear {unknown}
 i - 3 scrolls of acquirement {unknown}
 l - a scroll of enchant armour
 n - a scroll of enchant weapon
 t - a scroll of teleportation
 z - 4 scrolls of amnesia {unknown}
Potions
 b - a potion of invisibility {unknown}
 h - 4 potions of curing
 k - 3 potions of might {unknown}
 q - a potion of cancellation {unknown}
 s - a potion of degeneration {unknown}
 A - a potion of haste {unknown}


   Skills:
 + Level 6.8 Fighting
 + Level 7.3 Long Blades
 - Level 6.0 Throwing
 + Level 2.0 Armour
 + Level 8.7 Dodging


You had 8 spell levels left.
You didn't know any spells.
Your spell library contained the following spells:

 Spells                   Type           Power      Damage    Failure   Level
 Freeze                   Ice            0%         1d3       65%         1
 Magic Dart               Conj           0%         1d3       65%         1
 Shock                    Conj/Air       0%         1d3       65%         1
 Summon Small Mammal      Summ           0%         N/A       65%         1
 Call Imp                 Summ           0%         N/A       78%         2
 Slow                     Hex            0%         N/A       78%         2
 Call Canine Familiar     Summ           0%         N/A       95%         3
 Confusing Touch          Hex            0%         N/A       95%         3
 Conjure Flame            Conj/Fire      0%         6-21      95%         3
 Frozen Ramparts          Ice            0%         1d2       95%         3
 Ignite Poison            Fire/Tmut/Pois 0%         N/A       95%         3
 Mephitic Cloud           Conj/Pois/Air  0%         N/A       95%         3
 Summon Guardian Golem    Hex/Summ       0%         N/A       95%         3
 Swiftness                Air            0%         N/A       95%         3
 Tukima's Dance           Hex            0%         N/A       95%         3
 Vampiric Draining        Necr           0%         2d6       95%         3
 Airstrike                Air            0%         N/A       100%        4
 Hailstorm                Conj/Ice       0%         3d3       100%        4
 Passage of Golubria      Tloc           N/A        N/A       100%        4
 Sticky Flame             Conj/Fire      0%         2d3       100%        4
 Yara's Violent Unravell  Hex/Tmut       0%         3d3       100%        5


Dungeon Overview and Level Annotations

Branches:
Dungeon (7/15)             Temple (1/1) D:4           Sewer (visited)

Altars:
Ashenzari
Cheibriados
Dithmenos
Elyvilon
Fedhas
Gozag
Hepliaklqana
Kikubaaqudgha
Makhleb
Nemelex Xobeh
Okawaru
Qazlal
Ru
Vehumet
Xom
Yredelemnul
The Shining One

Annotations:
D:5 3 runed translucent doors, Golfball's ghost, amateur TrMo


Innate Abilities, Weirdness & Mutations

((You are quick and stealthy near water. (Stealth+, EV+, Speed+++)))
Your lower body shifts to a powerful aquatic tail in water.


Message History

You slash the orc!
You kill the orc!
Things that are here:
a +0 flail; a +0 ring mail You barely miss the orc warrior.
You barely miss the orc warrior.
The orc warrior hits you with a +0 flail!
You hit the orc warrior.
The orc warrior is lightly wounded.
The orc warrior hits you with a +0 flail.
You closely miss the orc warrior.
The orc warrior is lightly wounded.
The orc warrior misses you.
You completely miss the orc warrior.
The orc warrior is lightly wounded.
The orc warrior hits you with a +0 flail.
You closely miss the orc warrior.
The orc warrior is lightly wounded.
The orc warrior misses you.
You riposte.
You hit the orc warrior.
The orc warrior is lightly wounded.
The orc priest invokes the aid of Beogh against you.
Beogh smites you!
You slash the orc warrior!
The orc warrior is heavily wounded.
The orc warrior hits you with a +0 flail!
You barely miss the orc warrior.
The orc warrior is heavily wounded.
The orc wizard gestures at you while chanting.
The puff of flame misses you.
As you read the scroll of teleportation, it crumbles to dust.
You feel strangely unstable. The orc warrior barely misses you.
You closely miss the orc wizard.
The orc warrior hits you with a +0 flail!
* * * LOW HITPOINT WARNING * * *
The orc wizard hits you with a +0 dagger.
* * * LOW HITPOINT WARNING * * *
You barely miss the orc warrior.
The orc warrior is heavily wounded.
The orc warrior hits you with a +0 flail!
You die...

####.#..........# #..
#....#..........# #..
#.####..........# #.. #)#
#..........# #..
###)####..........# #..
......##..........# #..
......##..........# ##
### ......##..........#
... ...[............@o#
.o.. .............#.##o#
.....
###.#........#.##o#......
#.#....................
#.#........##..........
#.#........##..........
........###......<#.#
<......... ..........#
##....#....#


You could see an orc warrior, an orc priest and an orc wizard.

Vanquished Creatures
  Pikel (D:4)
  2 water moccasins
  An orc warrior (D:5)
  A black bear (D:5)
  An ogre (D:6)
  2 phantoms
  4 lemures (D:4)
  A kobold brigand (D:7)
  3 scorpions
  A wyvern skeleton (D:6)
  5 wights (D:7)
  A howler monkey (D:6)
  A centaur zombie (D:5)
  3 hounds
  3 orc priests
  A centaur skeleton (D:6)
  A gnoll shaman (D:3)
  A bullfrog skeleton (D:5)
  2 iguanas
  2 orc wizards
  A hound zombie (D:5)
  A howler monkey skeleton (D:4)
  6 gnolls
  7 adders
  2 river rats (D:3)
  2 shadow imps
  2 white imps
  A worm (D:3)
  3 dart slugs
  11 orcs
  8 ball pythons
  11 bats
  5 endoplasms
  5 giant cockroaches
  7 goblins
  5 hobgoblins
  6 jackals
  2 quokkas
  4 frilled lizards
  9 kobolds
  3 rats
138 creatures vanquished.

Notes
Turn   | Place    | Note
-------+----------+-------------------------------------------
     0 | D:1      | voltaire321 the Merfolk Gladiator began the quest for the
                  | Orb.
     0 | D:1      | Reached XP level 1. HP: 16/16 MP: 1/1
    88 | D:1      | Found a faded altar of an unknown god.
   145 | D:1      | Reached XP level 2. HP: 18/23 MP: 2/2
   720 | D:2      | Reached XP level 3. HP: 28/28 MP: 3/3
  1788 | D:2      | Reached XP level 4. HP: 31/35 MP: 4/4
  2730 | D:3      | Reached skill level 5 in Dodging
  3059 | D:3      | Found a glowing drain.
  3070 | D:3      | Reached XP level 5. HP: 34/41 MP: 5/5
  3071 | Sewer    | Entered a sewer
  3163 | Sewer    | Noticed a water moccasin
  3195 | Sewer    | Killed a water moccasin
  3257 | D:3      | Reached XP level 6. HP: 41/48 MP: 6/6
  4261 | D:4      | Noticed Pikel
  4421 | D:4      | Killed Pikel
  4422 | D:4      | Reached skill level 5 in Fighting
  4422 | D:4      | Reached skill level 5 in Long Blades
  4422 | D:4      | Reached skill level 6 in Dodging
  4422 | D:4      | Reached XP level 7. HP: 21/56 MP: 7/7
  4790 | D:4      | Reached XP level 8. HP: 62/62 MP: 8/8
  4790 | D:4      | Found a staircase to the Ecumenical Temple.
  4822 | D:4      | Reached skill level 7 in Dodging
  4858 | Temple   | Entered the Ecumenical Temple
  5462 | D:5      | Entered Level 5 of the Dungeon
  5549 | D:5      | Found a runed translucent gate.
  5549 | D:5      | Found a runed translucent gate.
  5549 | D:5      | Found a runed translucent gate.
  5727 | D:5      | Noticed Golfball's ghost (amateur TrMo)
  5752 | D:5      | Reached skill level 5 in Throwing
  6578 | D:6      | Found an opulent altar of Gozag.
  6661 | D:6      | Reached skill level 1 in Armour
  6661 | D:6      | Reached skill level 8 in Dodging
  6670 | D:6      | Reached XP level 9. HP: 56/70 MP: 9/9
  7862 | D:7      | Slain by an orc warrior

Illustrated notes

Levels and vault maps discovered:
D:1:      wander_arrival_desolate, layout_rooms,
          hellmonk_ecumenical_altar_leap_of_faith,
          chequers_serial_rivers_micro_d
D:2:      layout_loops_corners
D:3:      layout_basic, portal_sewer_entry_a
D:4:      layout_basic, minmay_temple_entry_sparse_star, uniq_pikel
D:5:      layout_gridville, gammafunk_ghost_icy
D:6:      layout_loops_ring, nicolae_gozag_seed_capital
D:7:      layout_basic, mainiacjoe_overflow_concentric_impassable
Temple:   nicolae_temple_elliptical

Skill      XL: |  1  2  3  4  5  6  7  8  9 |
---------------+----------------------------+-----
Fighting       | 3 5 6 |  6.8
Long Blades    | 4 5 6 7 |  7.3
Dodging        | 5 6 8 |  8.7
Throwing       | 3 4 5 6 |  6.0
Armour         | 1 2 |  2.0

Action                   |  1- 3 |  4- 6 |  7- 9 || total
-------------------------+-------+-------+-------++-------
Melee: Long sword        |    95 |   220 |   215 ||   530
       Unarmed           |       |     3 |       ||     3
       Scimitar          |       |       |    71 ||    71
Throw: Dart              |       |     1 |    40 ||    41
  Use: Scroll            |       |     2 |     6 ||     8
       Potion            |       |     1 |       ||     1
 Stab: Sleeping          |     1 |       |     1 ||     2
       Distracted        |       |     1 |       ||     1
Armor: Leather armour    |    32 |    61 |    37 ||   130
       Ring mail         |       |       |    38 ||    38
Dodge: Dodged            |   106 |   194 |   231 ||   531
       Rpst.: Long sword |    33 |    59 |    55 ||   147
       Scimitar          |       |       |    18 ||    18
